 Dungeon Crawl Stone Soup version 0.31.0-9-g3a7656b989 (webtiles) character file.

Game seed: 4274357483002311850

19 Bnni the Sneak (level 2, 0/17 HPs)
             Began as a Tengu Brigand on Feb 1, 2024.
             Slain by a frilled lizard (2 damage)
             ... on level 2 of the Dungeon.
             The game lasted 00:01:07 (701 turns).

Bnni the Sneak (Tengu Brigand)                       Turns: 701, Time: 00:01:07

Health: 0/17       AC:  3    Str: 11    XL:     2   Next: 75%
Magic:  3/3        EV: 12    Int: 11    God:
Gold:   24         SH:  0    Dex: 15    Spells: 1/1 levels left

rFire   . . .        a - +2 dagger
rCold   . . .        (no shield)
rNeg    . . .        b - +0 robe
rPois   .            (helmet restricted)
rElec   .            c - +0 cloak
rCorr   .            (no gloves)
SInv    .            (boots unavailable)
Will    .....        (no amulet)
Stlth   +++          (no ring)
HPRegen 0.22/turn    (no ring)
MPRegen 0.08/turn

%: acrobat
@: no status effects
A: beak, talons 3, acrobatic
a: no special abilities


You were on level 2 of the Dungeon.
You visited 1 branch of the dungeon, and saw 2 of its levels.

You collected 24 gold pieces.

Inventory:

Hand Weapons
 a - a +2 dagger (weapon)
Missiles
 d - 12 poisoned darts (quivered)
 e - 3 curare-tipped darts
Armour
 b - a +0 robe (worn)
 c - a +0 cloak (worn)
Scrolls
 i - a scroll of teleportation {unknown}
Potions
 f - 3 potions of curing {unknown}
 g - a potion of haste {unknown}
 h - a potion of degeneration {unknown}


   Skills:
 + Level 2.3 Fighting
 * Level 3.0 Short Blades
 - Level 2.0 Throwing
 + Level 1.7 Dodging
 - Level 4.0 Stealth


You had one spell level left.
You didn't know any spells.
Your spell library contained the following spells:

 Spells                   Type           Power      Damage    Failure   Level
 Brom's Barrelling Bould  Conj/Erth      0%         2d3       98%         4
 Fireball                 Conj/Fire      0%         3d3       100%        5
 Iskenderun's Battlesphe  Conj           0%         2d6       100%        5
 Conjure Ball Lightning   Conj/Air       0%         3x3d6     100%        6
 Orb of Destruction       Conj           0%         9d5       100%        7


Dungeon Overview and Level Annotations

Branches:
Dungeon (2/15)

Altars:


Innate Abilities, Weirdness & Mutations

You have a beak for a mouth.
You have claws for feet.
You can magically evade attacks while moving or waiting.


Message History

The goblin closely misses you.
Unknown command.
You hit the goblin.
You kill the goblin!
Robin barely misses you. The goblin closely misses you.
Unknown command.
Robin throws the goblin at you! The goblin misses you. The goblin misses you.
The goblin unwields a +0 club.
The goblin wields a +0 sling.
The goblin shoots a sling bullet.
The sling bullet misses you.
You hit the goblin.
You kill the goblin!
Robin throws the goblin at you!
You hit the goblin.
The goblin is severely wounded.
The goblin unwields a +0 sling.
The goblin wields a +0 club.
The goblin closely misses you.
You hit the goblin.
You kill the goblin!
Robin laughs in a distinctly smug fashion.
Your Short Blades skill increases to level 3!
You barely miss Robin.
Robin is lightly wounded.
Robin barely misses you.
You hit Robin but do no damage. Your kick misses Robin.
Robin is lightly wounded.
Robin hits you with a +0 short sword.
* * * LOW HITPOINT WARNING * * *
You hit Robin.
Robin is heavily wounded.
Robin closely misses you.
You hit Robin.
Robin is severely wounded.
The frilled lizard bites you but does no damage.
Robin hits you with a +0 short sword.
* * * LOW HITPOINT WARNING * * *
You barely miss Robin. You claw Robin.
You kill Robin!
The frilled lizard bites you.
You die...

....#.#########....
..........<.......
#.#..###...##....
#....##.....##...
#.#.............
###.#.)##..)..####
#......).l...##
#.#.#l)###..##
#.....@# #.....
..(...).# #.#####
##.....## #.#
#.#... ... # ###.
#.# #. .# .. ##


You could see a frilled lizard.

Vanquished Creatures
  Robin (D:2)
  A bat (D:1)
  An endoplasm (D:1)
  A giant cockroach (D:1)
  5 goblins (D:2)
  A hobgoblin (D:2)
  2 jackals (D:1)
  2 quokkas
  A ball python (D:1)
  A frilled lizard (D:1)
  A rat (D:1)
17 creatures vanquished.

Notes
Turn   | Place    | Note
-------+----------+-------------------------------------------
     0 | D:1      | Bnni the Tengu Brigand began the quest for the Orb.
     0 | D:1      | Reached XP level 1. HP: 12/12 MP: 2/2
   346 | D:1      | Reached XP level 2. HP: 17/17 MP: 3/3
   674 | D:2      | Noticed Robin
   701 | D:2      | Killed Robin
   701 | D:2      | Slain by a frilled lizard

Illustrated notes

Levels and vault maps discovered:
D:1:      eino_arrival_water_star, layout_basic, minmay_door_square
D:2:      layout_loops_ring, chequers_mini_garden, uniq_robin

Skill      XL: |  1  2 |
---------------+-------+-----
Short Blades   | 3 |  3.0
Fighting       | |  2.3
Throwing       | |  2.0
Dodging        | |  1.7
Stealth        | |  4.0

Action                     || total
---------------------------++-------
  Melee: Dagger            ||    39
         Kick              ||     6
         Peck              ||     4
   Stab: Sleeping          ||     3
 Armour: Robe              ||    27
  Dodge: Dodged            ||    27
